[ AOE2 MATCH · #507667121 ]
UnrankedBohemians vs Franks
[ REPLAY ANALYSIS · EXTRACTED FROM THE RECORDED GAME ]
Feudal
13:08
Castle
17:01
Imperial
—
| APM avg | 30.1 |
| APM peak | 73 |
| eAPM avg | 18.2 |
| Villagers / military | 131 / 69 |
Focus
⚔️ 18.6% · 🌾 81.4%
Spearman ×50 · Hussite Wagon ×13 · Monk ×4 · Petard ×2
Feudal
11:22
Castle
18:37
Imperial
—
| APM avg | 46.6 |
| APM peak | 88 |
| eAPM avg | 24.7 |
| Villagers / military | 89 / 46 |
Focus
⚔️ 26.3% · 🌾 73.7%
Throwing Axeman ×41 · Mangonel ×3 · Battering Ram ×2
Feudal
8:23
Castle
19:02
Imperial
29:53
| APM avg | 32.2 |
| APM peak | 89 |
| eAPM avg | 13.2 |
| Villagers / military | 55 / 5 |
Focus
⚔️ 31.7% · 🌾 68.3%
Unknown (2562) ×25 · Petard ×3 · Trebuchet (Packed) ×2
Feudal
8:08
Castle
17:04
Imperial
—
| APM avg | 38.8 |
| APM peak | 64 |
| eAPM avg | 19.6 |
| Villagers / military | 148 / 27 |
Focus
⚔️ 28.2% · 🌾 71.8%
Knight ×27
Feudal
10:56
Castle
16:56
Imperial
27:27
| APM avg | 34.6 |
| APM peak | 112 |
| eAPM avg | 18.3 |
| Villagers / military | 130 / 61 |
Focus
⚔️ 48.0% · 🌾 52.0%
Camel Scout ×36 · Gbeto ×14 · Scout Cavalry ×11
Feudal
10:56
Castle
14:26
Imperial
28:56
| APM avg | 89.2 |
| APM peak | 169 |
| eAPM avg | 61.7 |
| Villagers / military | 188 / 67 |
Focus
⚔️ 11.0% · 🌾 89.0%
Fire Lancer ×59 · Trebuchet (Packed) ×8
Feudal
10:47
Castle
14:56
Imperial
30:56
| APM avg | 40.4 |
| APM peak | 82 |
| eAPM avg | 18.9 |
| Villagers / military | 134 / 61 |
Focus
⚔️ 18.9% · 🌾 81.1%
Tarkan ×60 · Monk ×1
Feudal
8:27
Castle
20:19
Imperial
—
| APM avg | 43.1 |
| APM peak | 109 |
| eAPM avg | 28.3 |
| Villagers / military | 118 / 37 |
Focus
⚔️ 23.6% · 🌾 76.4%
Knight ×33 · Monk ×2 · Militia ×1 · Steppe Lancer ×1
Match map
Initial resources + every placement click. Lines = walls · curves = elevation contours. ◆ gold · ⬟ stone · ● berries · ✦ relic · ◌ wall gap
Your base· ✓ Closed at 17:01 · 0t walls · 2 gate(s)
hermelin*?'s base· ✓ Closed at 18:37 · 0t walls · 2 gate(s)
El Wicho's base· ✓ Closed at 19:02 · 0t walls · 3 gate(s)
ibirixii boupou's base· ✓ Closed at 17:04 · 0t walls · 3 gate(s)
Dadagama's base· ✓ Closed at 16:56 · 0t walls · 3 gate(s)
ahnimah's base· ✓ Closed at 14:26 · 0t walls · 2 gate(s)
survivorsteven's base· ✓ Closed at 14:56 · 0t walls · 3 gate(s)
.Bast's base· ✓ Closed at 20:19 · 0t walls · 2 gate(s)
Smoothed initial terrain · ◌ = detected wall gap · hover for details
Inputs per minute
— Bohemio_Antisemita - - hermelin*?
Build order — Bohemio_Antisemita
First 150 of 298 actions detected
| 0:02 | Build | House |
| 0:05 | Build | House |
| 0:15 | Queue | Villager (Male) ×4 |
| 1:35 | Queue | Villager (Male) |
| 2:04 | Queue | Villager (Male) |
| 2:04 | Queue | Villager (Male) |
| 2:30 | Build | Lumber Camp |
| 2:52 | Queue | Villager (Male) ×3 |
| 3:46 | Queue | Villager (Male) |
| 3:46 | Queue | Villager (Male) |
| 3:52 | Build | House |
| 3:53 | Build | House |
| 3:54 | Build | House |
| 4:07 | Queue | Villager (Male) |
| 4:12 | Queue | Villager (Male) |
| 4:13 | Queue | Villager (Male) |
| 4:56 | Queue | Villager (Male) |
| 4:58 | Queue | Villager (Male) |
| 4:58 | Queue | Villager (Male) |
| 5:37 | Build | Mill |
| 6:23 | Queue | Villager (Male) |
| 6:23 | Queue | Villager (Male) |
| 6:24 | Queue | Villager (Male) |
| 6:27 | Build | Mill |
| 6:29 | Queue | Villager (Male) ×2 |
| 6:29 | Queue | Villager (Male) ×2 |
| 8:24 | Queue | Villager (Male) |
| 8:24 | Queue | Villager (Male) |
| 8:25 | Queue | Villager (Male) |
| 8:40 | Build | Mining Camp |
| 9:10 | Build | Farm |
| 9:12 | Build | Farm |
| 9:14 | Build | Farm |
| 9:16 | Build | Farm |
| 9:19 | Build | Farm |
| 9:31 | Queue | Villager (Male) |
| 10:01 | Queue | Villager (Male) |
| 10:10 | Queue | Villager (Male) |
| 10:16 | Build | Farm |
| 10:49 | Research | Feudal Age |
| 11:19 | Build | Mining Camp |
| 12:26 | Build | Lumber Camp |
| 12:31 | Build | Farm |
| 12:45 | Queue | Villager (Male) |
| 12:45 | Queue | Villager (Male) |
| 13:08 | Age | Feudal Age |
| 13:20 | Build | Market |
| 13:23 | Build | Blacksmith |
| 13:42 | Research | Double-Bit Axe |
| 14:00 | Research | Horse Collar |
| 14:00 | Research | Horse Collar |
| 14:21 | Research | Castle Age |
| 14:53 | Research | Town Watch |
| 15:32 | Build | Outpost |
| 15:35 | Build | Outpost |
| 15:37 | Build | Outpost |
| 15:40 | Build | Outpost |
| 15:43 | Build | Outpost |
| 15:44 | Build | Outpost |
| 15:48 | Build | Outpost |
| 15:50 | Build | Outpost |
| 15:56 | Research | Loom |
| 15:56 | Research | Town Watch |
| 16:52 | Build | Outpost |
| 16:54 | Build | Outpost |
| 17:01 | Age | Castle Age |
| 17:08 | Build | Town Center |
| 17:16 | Build | Town Center |
| 17:26 | Build | Outpost |
| 17:43 | Queue | Villager (Male) |
| 17:45 | Research | Bow Saw |
| 17:47 | Research | Heavy Plow |
| 17:48 | Queue | Villager (Male) |
| 17:49 | Queue | Villager (Male) |
| 17:49 | Queue | Villager (Male) |
| 17:56 | Build | House |
| 18:03 | Research | Wheelbarrow |
| 18:07 | Build | House |
| 18:08 | Build | House |
| 18:10 | Build | House |
| 18:11 | Build | House |
| 18:28 | Queue | Villager (Male) |
| 18:28 | Queue | Villager (Male) |
| 18:34 | Queue | Villager (Male) |
| 19:07 | Queue | Villager (Male) |
| 19:08 | Queue | Villager (Male) |
| 19:08 | Queue | Villager (Male) |
| 19:08 | Queue | Villager (Male) |
| 19:09 | Queue | Villager (Male) |
| 19:12 | Build | Monastery |
| 19:14 | Build | Farm |
| 19:21 | Build | Farm |
| 19:22 | Build | Farm |
| 19:22 | Build | Farm |
| 19:22 | Build | Farm |
| 19:28 | Queue | Villager (Male) |
| 19:29 | Queue | Villager (Male) |
| 19:29 | Queue | Villager (Male) |
| 19:34 | Queue | Villager (Male) |
| 19:34 | Queue | Villager (Male) |
| 19:34 | Queue | Villager (Male) |
| 19:41 | Build | Castle |
| 19:45 | Build | House |
| 19:46 | Build | House |
| 19:58 | Research | Heavy Plow |
| 19:59 | Queue | Villager (Male) |
| 20:00 | Queue | Monk |
| 20:06 | Build | Farm |
| 20:20 | Build | Farm |
| 20:21 | Build | Farm |
| 20:22 | Build | Farm |
| 20:28 | Build | Farm |
| 20:31 | Build | Farm |
| 20:34 | Build | Farm |
| 20:34 | Queue | Villager (Male) |
| 20:35 | Queue | Villager (Male) |
| 20:35 | Queue | Villager (Male) |
| 20:55 | Build | Outpost |
| 21:07 | Queue | Villager (Male) |
| 21:07 | Queue | Villager (Male) |
| 21:09 | Queue | Villager (Male) |
| 21:09 | Queue | Villager (Male) |
| 21:11 | Build | House |
| 21:12 | Build | House |
| 21:19 | Build | Farm |
| 21:23 | Build | Farm |
| 21:24 | Build | Farm |
| 21:25 | Build | Farm |
| 21:25 | Build | Farm |
| 21:25 | Build | Farm |
| 21:25 | Build | Farm |
| 21:26 | Build | Farm |
| 21:26 | Build | Farm |
| 21:26 | Build | Farm |
| 21:27 | Build | Farm |
| 21:27 | Build | Farm |
| 21:29 | Queue | Villager (Male) |
| 21:30 | Queue | Villager (Male) |
| 21:32 | Queue | Villager (Male) |
| 21:32 | Queue | Villager (Male) |
| 21:43 | Build | Farm |
| 21:44 | Queue | Villager (Male) |
| 21:45 | Queue | Villager (Male) |
| 21:48 | Build | House |
| 21:57 | Queue | Monk |
| 22:07 | Build | House |
| 22:09 | Queue | Villager (Male) |
| 22:09 | Queue | Villager (Male) |
| 22:09 | Queue | Villager (Male) |
| 22:16 | Build | Farm |
Build order — hermelin*?
First 150 of 232 actions detected
| 0:03 | Queue | Villager (Male) |
| 0:03 | Queue | Villager (Male) |
| 0:03 | Queue | Villager (Male) |
| 0:03 | Queue | Villager (Male) |
| 0:04 | Build | House |
| 0:06 | Build | House |
| 1:16 | Queue | Villager (Male) |
| 1:17 | Queue | Villager (Male) |
| 1:49 | Build | Lumber Camp |
| 1:53 | Queue | Villager (Male) |
| 1:53 | Queue | Villager (Male) |
| 2:20 | Build | Lumber Camp |
| 2:27 | Queue | Villager (Male) |
| 2:28 | Queue | Villager (Male) |
| 2:46 | Queue | Villager (Male) |
| 2:47 | Queue | Villager (Male) |
| 3:05 | Queue | Villager (Male) |
| 3:05 | Queue | Villager (Male) |
| 3:32 | Build | House |
| 3:39 | Queue | Villager (Male) |
| 3:39 | Queue | Villager (Male) |
| 3:39 | Queue | Villager (Male) |
| 3:57 | Queue | Villager (Male) |
| 3:58 | Queue | Villager (Male) |
| 4:22 | Queue | Villager (Male) |
| 4:22 | Queue | Villager (Male) |
| 4:25 | Queue | Villager (Male) |
| 4:26 | Queue | Villager (Male) |
| 4:34 | Build | Mill |
| 4:56 | Queue | Villager (Male) |
| 4:56 | Queue | Villager (Male) |
| 5:20 | Queue | Villager (Male) |
| 5:21 | Queue | Villager (Male) |
| 5:21 | Queue | Villager (Male) |
| 5:23 | Build | House |
| 5:29 | Queue | Villager (Male) |
| 5:29 | Queue | Villager (Male) |
| 5:52 | Build | House |
| 6:08 | Queue | Villager (Male) |
| 7:09 | Queue | Villager (Male) |
| 7:13 | Build | Mining Camp |
| 7:21 | Queue | Villager (Male) |
| 7:58 | Queue | Villager (Male) |
| 8:21 | Research | Feudal Age |
| 8:44 | Research | Loom |
| 8:48 | Research | Feudal Age |
| 9:32 | Queue | Villager (Male) |
| 9:33 | Queue | Villager (Male) |
| 10:29 | Queue | Villager (Male) |
| 10:54 | Build | House |
| 11:22 | Queue | Villager (Male) |
| 11:22 | Age | Feudal Age |
| 11:22 | Queue | Villager (Male) |
| 11:26 | Build | Blacksmith |
| 11:57 | Queue | Villager (Male) |
| 11:57 | Queue | Villager (Male) |
| 12:00 | Build | Market |
| 12:14 | Queue | Villager (Male) |
| 12:21 | Build | Farm |
| 12:21 | Build | Farm |
| 12:46 | Build | Farm |
| 12:50 | Build | Farm |
| 12:52 | Build | Farm |
| 12:53 | Build | Farm |
| 12:55 | Queue | Villager (Male) |
| 13:01 | Build | House |
| 13:02 | Build | House |
| 13:17 | Build | Farm |
| 13:21 | Build | Farm |
| 14:12 | Build | Farm |
| 14:13 | Build | Farm |
| 14:14 | Build | Farm |
| 14:18 | Build | Farm |
| 14:19 | Queue | Villager (Male) |
| 14:52 | Build | House |
| 15:02 | Build | Farm |
| 15:09 | Build | Farm |
| 15:16 | Queue | Villager (Male) |
| 15:20 | Build | Farm |
| 15:41 | Queue | Villager (Male) |
| 15:45 | Research | Castle Age |
| 16:00 | Research | Double-Bit Axe |
| 16:40 | Research | Gold Mining |
| 16:47 | Research | Stone Mining |
| 17:07 | Queue | Villager (Male) |
| 18:03 | Queue | Villager (Male) |
| 18:03 | Queue | Villager (Male) |
| 18:37 | Age | Castle Age |
| 18:45 | Queue | Villager (Male) |
| 18:47 | Build | Mining Camp |
| 19:36 | Queue | Villager (Male) |
| 19:36 | Queue | Villager (Male) |
| 19:38 | Research | Gold Mining |
| 19:50 | Build | Castle |
| 19:52 | Research | Fletching |
| 19:54 | Queue | Villager (Male) |
| 19:57 | Build | House |
| 19:58 | Build | House |
| 19:59 | Build | House |
| 20:33 | Build | Stone Wall |
| 20:38 | Build | Gate |
| 20:40 | Build | Stone Wall |
| 20:41 | Build | Stone Wall |
| 20:52 | Build | Stone Wall |
| 20:54 | Queue | Villager (Male) |
| 20:55 | Queue | Villager (Male) |
| 21:01 | Build | Stone Wall |
| 21:04 | Queue | Villager (Male) |
| 21:05 | Queue | Villager (Male) |
| 21:08 | Build | Mining Camp |
| 21:17 | Build | Siege Workshop |
| 21:38 | Queue | Throwing Axeman |
| 21:39 | Queue | Throwing Axeman |
| 21:39 | Queue | Throwing Axeman |
| 21:54 | Queue | Mangonel |
| 21:59 | Build | Watch Tower |
| 22:08 | Queue | Villager (Male) |
| 22:09 | Queue | Villager (Male) |
| 22:18 | Build | House |
| 22:22 | Queue | Villager (Male) |
| 22:22 | Queue | Villager (Male) |
| 22:29 | Build | Watch Tower |
| 22:52 | Queue | Villager (Male) |
| 22:52 | Queue | Villager (Male) |
| 23:14 | Queue | Throwing Axeman |
| 23:14 | Queue | Throwing Axeman |
| 23:14 | Queue | Throwing Axeman |
| 23:21 | Queue | Villager (Male) |
| 23:21 | Queue | Villager (Male) |
| 23:27 | Build | Farm |
| 23:27 | Build | Farm |
| 23:28 | Build | Farm |
| 23:28 | Build | Farm |
| 23:30 | Build | Farm |
| 23:30 | Build | Farm |
| 23:35 | Queue | Throwing Axeman |
| 23:35 | Queue | Throwing Axeman |
| 24:03 | Queue | Mangonel |
| 24:11 | Queue | Throwing Axeman |
| 24:11 | Queue | Throwing Axeman |
| 24:40 | Build | Castle |
| 24:44 | Queue | Throwing Axeman |
| 24:44 | Queue | Throwing Axeman |
| 25:08 | Queue | Throwing Axeman |
| 25:09 | Queue | Throwing Axeman |
| 25:09 | Queue | Throwing Axeman |
| 25:23 | Queue | Villager (Male) |
| 25:23 | Queue | Villager (Male) |
| 25:42 | Build | House |
| 25:45 | Build | Stone Wall |
Build order — El Wicho
148 actions detected in the replay
| 0:00 | Queue | Villager (Male) |
| 0:01 | Queue | Villager (Male) |
| 0:03 | Build | House |
| 0:05 | Build | House |
| 0:23 | Queue | Villager (Male) |
| 0:23 | Queue | Villager (Male) |
| 1:16 | Queue | Villager (Male) |
| 2:27 | Queue | Villager (Male) |
| 2:28 | Queue | Villager (Male) |
| 2:31 | Queue | Villager (Male) |
| 2:47 | Queue | Villager (Male) |
| 2:47 | Queue | Villager (Male) |
| 3:00 | Build | Settlement |
| 3:13 | Build | Settlement |
| 3:21 | Queue | Villager (Male) |
| 3:23 | Queue | Villager (Male) |
| 3:41 | Queue | Villager (Male) |
| 4:02 | Queue | Villager (Male) |
| 5:28 | Queue | Villager (Male) |
| 5:29 | Queue | Villager (Male) |
| 5:29 | Queue | Villager (Male) |
| 5:29 | Queue | Villager (Male) |
| 6:11 | Research | Feudal Age |
| 6:11 | Research | Feudal Age |
| 6:31 | Build | Settlement |
| 7:46 | Queue | Villager (Male) |
| 7:46 | Queue | Villager (Male) |
| 8:03 | Build | House |
| 8:04 | Build | House |
| 8:23 | Age | Feudal Age |
| 8:27 | Build | Watch Tower |
| 8:43 | Queue | Villager (Male) |
| 9:08 | Research | Loom |
| 9:58 | Build | House |
| 9:59 | Queue | Villager (Male) |
| 10:21 | Queue | Villager (Male) |
| 11:06 | Queue | Villager (Male) |
| 11:49 | Queue | Villager (Male) |
| 12:03 | Queue | Villager (Male) |
| 12:11 | Research | Double-Bit Axe |
| 12:16 | Build | Farm |
| 12:19 | Build | Farm |
| 12:22 | Research | Horse Collar |
| 12:26 | Research | Horse Collar |
| 12:39 | Queue | Villager (Male) |
| 12:48 | Build | Farm |
| 12:52 | Build | Farm |
| 12:54 | Build | Farm |
| 12:55 | Build | Farm |
| 12:59 | Queue | Villager (Male) |
| 13:06 | Queue | Villager (Male) |
| 13:13 | Build | Farm |
| 13:36 | Build | Farm |
| 13:46 | Queue | Villager (Male) |
| 14:17 | Queue | Villager (Male) |
| 14:36 | Build | Market |
| 14:41 | Queue | Villager (Male) |
| 15:07 | Queue | Villager (Male) |
| 15:32 | Queue | Villager (Male) |
| 15:36 | Build | Blacksmith |
| 15:54 | Queue | Villager (Male) |
| 16:13 | Research | Castle Age |
| 16:20 | Research | Stone Mining |
| 16:34 | Build | Settlement |
| 16:39 | Build | Farm |
| 17:02 | Research | Gold Mining |
| 17:26 | Research | Wheelbarrow |
| 17:28 | Queue | Villager (Male) |
| 19:02 | Age | Castle Age |
| 19:04 | Build | Castle |
| 19:11 | Build | House |
| 19:15 | Build | Palisade Wall |
| 19:28 | Build | University |
| 19:37 | Research | Bow Saw |
| 19:40 | Research | Heavy Plow |
| 19:41 | Queue | Villager (Male) |
| 19:53 | Build | Settlement |
| 20:12 | Build | Farm |
| 20:14 | Queue | Villager (Male) |
| 20:53 | Queue | Unit 2562 |
| 20:54 | Queue | Unit 2562 |
| 21:04 | Queue | Villager (Male) |
| 21:06 | Build | Farm |
| 21:09 | Build | Farm |
| 21:29 | Queue | Unit 2562 |
| 21:40 | Queue | Unit 2562 |
| 21:44 | Research | Fletching |
| 21:45 | Research | Fletching |
| 21:54 | Research | Padded Archer Armor |
| 21:55 | Queue | Unit 2562 |
| 21:56 | Queue | Unit 2562 |
| 22:27 | Queue | Villager (Male) |
| 22:50 | Queue | Villager (Male) |
| 22:52 | Queue | Unit 2562 |
| 22:53 | Queue | Unit 2562 |
| 23:14 | Build | Settlement |
| 23:16 | Build | Farm |
| 23:23 | Queue | Villager (Male) |
| 23:25 | Queue | Unit 2562 |
| 24:04 | Queue | Villager (Male) |
| 24:10 | Research | Bodkin Arrow |
| 24:15 | Queue | Villager (Male) |
| 24:20 | Build | Barracks |
| 24:36 | Queue | Villager (Male) |
| 24:58 | Queue | Villager (Male) |
| 25:03 | Research | Ballistics |
| 25:05 | Queue | Villager (Male) |
| 25:15 | Queue | Villager (Male) |
| 25:22 | Build | Farm |
| 25:29 | Queue | Petard |
| 25:31 | Queue | Petard |
| 25:31 | Queue | Petard |
| 25:34 | Queue | Unit 2562 |
| 26:43 | Research | Imperial Age |
| 26:55 | Queue | Unit 2562 |
| 26:55 | Queue | Unit 2562 |
| 26:59 | Build | Farm |
| 27:22 | Queue | Villager (Male) |
| 27:31 | Queue | Villager (Male) |
| 27:38 | Build | Castle |
| 27:45 | Build | Settlement |
| 27:48 | Queue | Villager (Male) |
| 27:57 | Build | Archery Range |
| 28:11 | Queue | Unit 2562 |
| 28:59 | Build | Settlement |
| 29:03 | Queue | Villager (Male) |
| 29:03 | Queue | Villager (Male) |
| 29:53 | Age | Imperial Age |
| 29:59 | Queue | Trebuchet (Packed) |
| 30:02 | Research | Conscription |
| 30:11 | Research | Bracer |
| 30:17 | Queue | Villager (Male) |
| 30:17 | Queue | Villager (Male) |
| 30:19 | Research | Town Watch |
| 30:39 | Research | Chemistry |
| 30:59 | Queue | Trebuchet (Packed) |
| 31:02 | Queue | Unit 2562 |
| 31:26 | Queue | Unit 2562 |
| 31:26 | Queue | Unit 2562 |
| 31:26 | Queue | Unit 2562 |
| 31:58 | Queue | Unit 2562 |
| 31:58 | Queue | Unit 2562 |
| 31:59 | Queue | Unit 2562 |
| 32:40 | Queue | Unit 2562 |
| 32:40 | Queue | Unit 2562 |
| 32:41 | Queue | Unit 2562 |
| 32:41 | Queue | Unit 2562 |
| 32:41 | Queue | Unit 2562 |
Build order — ibirixii boupou
First 150 of 287 actions detected
| 0:02 | Queue | Villager (Male) |
| 0:02 | Queue | Villager (Male) |
| 0:02 | Queue | Villager (Male) |
| 0:02 | Queue | Villager (Male) |
| 0:05 | Build | House |
| 0:07 | Build | House |
| 1:24 | Queue | Villager (Male) |
| 1:24 | Queue | Villager (Male) |
| 1:24 | Queue | Villager (Male) |
| 2:03 | Queue | Villager (Male) |
| 2:03 | Queue | Villager (Male) |
| 2:21 | Queue | Villager (Male) |
| 2:21 | Queue | Villager (Male) |
| 2:39 | Queue | Villager (Male) |
| 2:40 | Queue | Villager (Male) |
| 3:02 | Queue | Villager (Male) |
| 3:02 | Queue | Villager (Male) |
| 3:02 | Queue | Villager (Male) |
| 3:54 | Build | House |
| 3:55 | Build | House |
| 4:11 | Queue | Villager (Male) |
| 4:11 | Queue | Villager (Male) |
| 4:12 | Queue | Villager (Male) |
| 4:12 | Queue | Villager (Male) |
| 4:16 | Build | Mill |
| 5:12 | Queue | Villager (Male) |
| 5:58 | Research | Feudal Age |
| 7:49 | Queue | Villager (Male) |
| 7:49 | Queue | Villager (Male) |
| 7:50 | Queue | Villager (Male) |
| 7:52 | Queue | Villager (Male) |
| 7:52 | Queue | Villager (Male) |
| 8:08 | Age | Feudal Age |
| 8:13 | Research | Double-Bit Axe |
| 8:13 | Research | Horse Collar |
| 8:45 | Build | Farm |
| 8:46 | Build | Farm |
| 8:52 | Queue | Villager (Male) |
| 8:53 | Queue | Villager (Male) |
| 8:53 | Queue | Villager (Male) |
| 8:53 | Queue | Villager (Male) |
| 9:02 | Build | Farm |
| 9:55 | Queue | Villager (Male) |
| 9:57 | Build | Farm |
| 9:58 | Build | Farm |
| 10:19 | Build | House |
| 10:37 | Build | House |
| 10:38 | Build | House |
| 11:01 | Queue | Villager (Male) |
| 11:01 | Queue | Villager (Male) |
| 11:02 | Queue | Villager (Male) |
| 11:18 | Build | Farm |
| 11:19 | Build | Farm |
| 11:31 | Build | Market |
| 11:47 | Build | Farm |
| 11:56 | Queue | Villager (Male) |
| 12:30 | Queue | Villager (Male) |
| 12:30 | Queue | Villager (Male) |
| 12:35 | Build | Mule Cart |
| 13:03 | Build | House |
| 13:13 | Queue | Villager (Male) |
| 13:15 | Queue | Villager (Male) |
| 13:32 | Build | Blacksmith |
| 13:34 | Build | House |
| 13:50 | Build | House |
| 14:19 | Research | Castle Age |
| 15:29 | Build | Barracks |
| 16:03 | Research | Scale Barding Armor |
| 16:04 | Research | Forging |
| 16:20 | Build | Farm |
| 16:28 | Build | Stable |
| 16:34 | Build | Stable |
| 16:49 | Build | Farm |
| 16:49 | Build | Farm |
| 16:50 | Build | Farm |
| 16:59 | Build | Farm |
| 17:04 | Age | Castle Age |
| 17:06 | Queue | Villager (Male) |
| 17:25 | Research | Bloodlines |
| 17:26 | Research | Husbandry |
| 17:26 | Research | Husbandry |
| 17:38 | Queue | Villager (Male) |
| 17:42 | Research | Bow Saw |
| 17:54 | Queue | Villager (Male) |
| 18:03 | Queue | Knight |
| 18:04 | Queue | Knight |
| 18:04 | Queue | Knight |
| 18:08 | Build | Farm |
| 18:11 | Build | Farm |
| 18:21 | Queue | Villager (Male) |
| 18:28 | Queue | Knight |
| 18:33 | Queue | Villager (Male) |
| 18:33 | Queue | Villager (Male) |
| 19:15 | Queue | Villager (Male) |
| 19:22 | Build | Town Center |
| 19:25 | Queue | Villager (Male) |
| 19:28 | Queue | Knight |
| 19:28 | Queue | Knight |
| 19:28 | Queue | Knight |
| 19:28 | Queue | Knight |
| 19:53 | Queue | Villager (Male) |
| 20:19 | Build | Town Center |
| 20:26 | Queue | Villager (Male) |
| 20:29 | Queue | Knight |
| 20:29 | Queue | Knight |
| 20:30 | Queue | Knight |
| 20:30 | Queue | Knight |
| 20:30 | Queue | Knight |
| 20:42 | Queue | Villager (Male) |
| 20:42 | Queue | Villager (Male) |
| 20:42 | Queue | Villager (Male) |
| 20:45 | Build | Farm |
| 20:45 | Build | Farm |
| 20:45 | Build | Farm |
| 20:46 | Build | Farm |
| 20:59 | Queue | Knight |
| 21:00 | Queue | Knight |
| 21:00 | Queue | Knight |
| 21:19 | Queue | Villager (Male) |
| 21:19 | Queue | Villager (Male) |
| 21:26 | Queue | Villager (Male) |
| 21:27 | Queue | Villager (Male) |
| 21:32 | Build | Farm |
| 21:32 | Build | Farm |
| 21:33 | Build | Farm |
| 21:33 | Build | Farm |
| 21:36 | Queue | Villager (Male) |
| 21:45 | Queue | Villager (Male) |
| 22:02 | Queue | Villager (Male) |
| 22:02 | Queue | Villager (Male) |
| 22:13 | Queue | Villager (Male) |
| 22:13 | Queue | Villager (Male) |
| 22:13 | Queue | Villager (Male) |
| 22:25 | Research | Wheelbarrow |
| 22:25 | Research | Wheelbarrow |
| 22:42 | Queue | Villager (Male) |
| 22:43 | Queue | Villager (Male) |
| 22:43 | Queue | Villager (Male) |
| 22:43 | Queue | Villager (Male) |
| 23:08 | Queue | Villager (Male) |
| 23:08 | Queue | Villager (Male) |
| 23:09 | Queue | Villager (Male) |
| 23:16 | Build | House |
| 23:17 | Build | House |
| 23:18 | Build | House |
| 23:20 | Build | House |
| 24:07 | Queue | Villager (Male) |
| 24:07 | Queue | Villager (Male) |
| 24:07 | Queue | Villager (Male) |
| 24:07 | Queue | Villager (Male) |
Build order — Dadagama
First 150 of 211 actions detected
| 0:00 | Queue | Villager (Male) |
| 0:01 | Queue | Villager (Male) |
| 0:02 | Build | House |
| 0:03 | Queue | Villager (Male) |
| 0:03 | Queue | Villager (Male) |
| 0:03 | Queue | Villager (Male) |
| 0:05 | Build | House |
| 1:39 | Queue | Villager (Male) |
| 1:40 | Queue | Villager (Male) |
| 1:46 | Queue | Villager (Male) |
| 1:47 | Queue | Villager (Male) |
| 2:11 | Build | Lumber Camp |
| 2:15 | Queue | Villager (Male) |
| 2:16 | Queue | Villager (Male) |
| 2:44 | Queue | Villager (Male) |
| 2:44 | Queue | Villager (Male) |
| 2:56 | Queue | Villager (Male) |
| 2:56 | Queue | Villager (Male) |
| 3:31 | Queue | Villager (Male) |
| 3:31 | Queue | Villager (Male) |
| 3:47 | Queue | Villager (Male) |
| 3:54 | Build | House |
| 3:55 | Build | House |
| 4:27 | Queue | Villager (Male) |
| 4:28 | Queue | Villager (Male) |
| 4:28 | Queue | Villager (Male) |
| 4:51 | Queue | Villager (Male) |
| 4:51 | Queue | Villager (Male) |
| 4:52 | Queue | Villager (Male) |
| 4:53 | Queue | Villager (Male) |
| 5:12 | Build | Mill |
| 5:58 | Queue | Villager (Male) |
| 5:58 | Queue | Villager (Male) |
| 6:07 | Queue | Villager (Male) |
| 6:07 | Queue | Villager (Male) |
| 6:07 | Queue | Villager (Male) |
| 7:13 | Queue | Villager (Male) |
| 7:13 | Queue | Villager (Male) |
| 7:14 | Queue | Villager (Male) |
| 7:50 | Queue | Villager (Male) |
| 8:05 | Research | Feudal Age |
| 8:16 | Build | Farm |
| 8:18 | Build | Farm |
| 9:27 | Queue | Villager (Male) |
| 9:27 | Queue | Villager (Male) |
| 10:08 | Build | House |
| 10:09 | Build | House |
| 10:56 | Age | Feudal Age |
| 11:00 | Build | Market |
| 11:03 | Build | Blacksmith |
| 11:04 | Research | Double-Bit Axe |
| 11:05 | Research | Horse Collar |
| 11:28 | Build | Farm |
| 11:38 | Queue | Villager (Male) |
| 11:47 | Queue | Villager (Male) |
| 12:01 | Research | Loom |
| 12:02 | Queue | Villager (Male) |
| 12:21 | Build | House |
| 12:21 | Build | House |
| 12:38 | Research | Wheelbarrow |
| 12:57 | Research | Castle Age |
| 13:15 | Build | Mining Camp |
| 14:14 | Build | House |
| 14:15 | Build | House |
| 14:29 | Build | Farm |
| 14:29 | Build | Farm |
| 14:29 | Build | Farm |
| 14:29 | Build | Farm |
| 14:31 | Build | Farm |
| 14:34 | Build | Farm |
| 16:18 | Queue | Villager (Male) |
| 16:18 | Queue | Villager (Male) |
| 16:19 | Queue | Villager (Male) |
| 16:19 | Queue | Villager (Male) |
| 16:19 | Queue | Villager (Male) |
| 16:56 | Age | Castle Age |
| 16:58 | Build | Town Center |
| 17:00 | Queue | Villager (Male) |
| 17:01 | Queue | Villager (Male) |
| 17:05 | Build | Town Center |
| 17:09 | Research | Bow Saw |
| 17:11 | Research | Heavy Plow |
| 17:30 | Build | Farm |
| 17:49 | Build | Farm |
| 18:11 | Queue | Villager (Male) |
| 18:11 | Queue | Villager (Male) |
| 18:15 | Queue | Villager (Male) |
| 18:16 | Queue | Villager (Male) |
| 18:18 | Build | Farm |
| 18:20 | Build | Farm |
| 18:22 | Build | Farm |
| 18:27 | Queue | Villager (Male) ×3 |
| 18:48 | Build | Farm |
| 19:12 | Queue | Villager (Male) ×3 |
| 19:16 | Build | Farm |
| 19:21 | Build | Farm |
| 19:23 | Build | Farm |
| 19:26 | Build | Farm |
| 19:34 | Build | Farm |
| 19:37 | Queue | Villager (Male) ×3 |
| 19:40 | Build | Farm |
| 19:46 | Build | Farm |
| 19:57 | Queue | Villager (Male) ×3 |
| 20:00 | Build | House |
| 20:01 | Build | House |
| 20:07 | Build | Farm |
| 20:10 | Build | Farm |
| 20:16 | Build | Farm |
| 20:17 | Queue | Villager (Male) ×3 |
| 20:29 | Build | Farm |
| 20:31 | Queue | Villager (Male) |
| 20:36 | Build | Farm |
| 20:45 | Build | Farm |
| 20:49 | Queue | Villager (Male) ×3 |
| 20:54 | Build | House |
| 20:54 | Build | House |
| 21:00 | Build | Farm |
| 21:02 | Build | Farm |
| 21:21 | Build | Farm |
| 21:39 | Build | Castle |
| 21:46 | Queue | Villager (Male) ×5 |
| 21:50 | Build | Farm |
| 22:04 | Build | Mining Camp |
| 22:05 | Research | Gold Mining |
| 22:06 | Queue | Villager (Male) ×5 |
| 22:11 | Build | House |
| 22:11 | Build | House |
| 22:12 | Build | House |
| 22:20 | Build | Farm |
| 22:33 | Build | Farm |
| 23:06 | Queue | Villager (Male) ×5 |
| 23:12 | Build | Farm |
| 23:14 | Build | Farm |
| 23:18 | Build | Farm |
| 23:30 | Build | Farm |
| 23:42 | Build | Farm |
| 23:47 | Queue | Villager (Male) |
| 23:49 | Queue | Villager (Male) |
| 24:03 | Research | Imperial Age |
| 24:11 | Queue | Villager (Male) ×5 |
| 24:22 | Build | Barracks |
| 24:25 | Queue | Gbeto ×3 |
| 24:28 | Research | Scale Barding Armor |
| 24:34 | Research | Forging |
| 25:06 | Build | Farm |
| 25:10 | Build | Farm |
| 25:19 | Build | Farm |
| 25:32 | Research | Chain Barding Armor |
| 25:39 | Build | Stable |
| 25:55 | Queue | Gbeto ×5 |
Build order — ahnimah
First 150 of 416 actions detected
| 0:01 | Queue | Villager (Male) |
| 0:01 | Queue | Villager (Male) |
| 0:02 | Build | House |
| 0:03 | Build | House |
| 0:05 | Queue | Villager (Male) |
| 0:05 | Queue | Villager (Male) |
| 0:05 | Queue | Villager (Male) |
| 1:10 | Queue | Villager (Male) |
| 1:10 | Queue | Villager (Male) |
| 1:37 | Queue | Villager (Male) |
| 1:37 | Queue | Villager (Male) |
| 1:44 | Build | Lumber Camp |
| 2:14 | Queue | Villager (Male) |
| 2:14 | Queue | Villager (Male) |
| 2:14 | Queue | Villager (Male) |
| 2:45 | Queue | Villager (Male) |
| 2:45 | Queue | Villager (Male) |
| 2:45 | Queue | Villager (Male) |
| 2:52 | Queue | Villager (Male) |
| 3:24 | Queue | Villager (Male) |
| 3:24 | Queue | Villager (Male) |
| 3:48 | Build | House |
| 3:49 | Build | House |
| 3:52 | Queue | Villager (Male) |
| 3:52 | Queue | Villager (Male) |
| 4:09 | Queue | Villager (Male) |
| 4:09 | Queue | Villager (Male) |
| 4:16 | Build | Mill |
| 4:27 | Queue | Villager (Male) |
| 4:27 | Queue | Villager (Male) |
| 4:53 | Queue | Villager (Male) |
| 4:53 | Queue | Villager (Male) |
| 5:15 | Queue | Villager (Male) |
| 5:16 | Queue | Villager (Male) |
| 5:16 | Queue | Villager (Male) |
| 5:24 | Queue | Villager (Male) |
| 5:24 | Queue | Villager (Male) |
| 5:38 | Queue | Villager (Male) |
| 5:38 | Queue | Villager (Male) |
| 5:53 | Queue | Villager (Male) |
| 5:53 | Queue | Villager (Male) |
| 5:53 | Queue | Villager (Male) |
| 6:11 | Queue | Villager (Male) |
| 6:11 | Queue | Villager (Male) |
| 6:11 | Queue | Villager (Male) |
| 6:19 | Build | Farm |
| 6:35 | Queue | Villager (Male) |
| 6:35 | Queue | Villager (Male) |
| 7:08 | Build | Mining Camp |
| 7:15 | Queue | Villager (Male) |
| 7:33 | Build | House |
| 8:30 | Research | Feudal Age |
| 8:30 | Research | Feudal Age |
| 8:30 | Research | Feudal Age |
| 10:36 | Queue | Villager (Male) |
| 10:36 | Queue | Villager (Male) |
| 10:56 | Age | Feudal Age |
| 10:59 | Build | Market |
| 11:00 | Build | Blacksmith |
| 11:43 | Research | Castle Age |
| 11:43 | Research | Castle Age |
| 12:17 | Research | Horse Collar |
| 12:18 | Research | Horse Collar |
| 12:18 | Research | Double-Bit Axe |
| 12:18 | Research | Double-Bit Axe |
| 12:18 | Research | Double-Bit Axe |
| 12:28 | Build | Farm |
| 12:33 | Build | Farm |
| 13:10 | Build | House |
| 13:12 | Build | House |
| 13:16 | Queue | Villager (Male) |
| 13:17 | Queue | Villager (Male) |
| 13:33 | Queue | Villager (Male) |
| 13:33 | Queue | Villager (Male) |
| 13:49 | Queue | Villager (Male) |
| 13:50 | Queue | Villager (Male) |
| 14:12 | Queue | Villager (Male) |
| 14:23 | Build | House |
| 14:26 | Age | Castle Age |
| 14:28 | Build | Town Center |
| 14:30 | Queue | Villager (Male) |
| 14:30 | Queue | Villager (Male) |
| 14:41 | Build | Town Center |
| 14:50 | Queue | Villager (Male) |
| 14:53 | Build | Farm |
| 15:04 | Build | Farm |
| 15:18 | Build | Farm |
| 15:21 | Queue | Villager (Male) |
| 15:21 | Queue | Villager (Male) |
| 15:47 | Queue | Villager (Male) |
| 15:52 | Queue | Villager (Male) |
| 15:53 | Queue | Villager (Male) |
| 15:53 | Queue | Villager (Male) |
| 15:53 | Queue | Villager (Male) |
| 15:57 | Build | Farm |
| 15:58 | Build | Farm |
| 16:01 | Queue | Villager (Male) |
| 16:08 | Queue | Villager (Male) |
| 16:11 | Build | Farm |
| 16:18 | Queue | Villager (Male) |
| 16:32 | Queue | Villager (Male) |
| 16:32 | Queue | Villager (Male) |
| 16:33 | Queue | Villager (Male) |
| 16:39 | Queue | Villager (Male) |
| 16:39 | Queue | Villager (Male) |
| 16:42 | Build | Farm |
| 16:49 | Queue | Villager (Male) |
| 16:49 | Queue | Villager (Male) |
| 16:56 | Build | Farm |
| 16:57 | Build | Farm |
| 17:00 | Build | Farm |
| 17:02 | Build | Farm |
| 17:03 | Queue | Villager (Male) |
| 17:03 | Queue | Villager (Male) |
| 17:06 | Build | Farm |
| 17:06 | Queue | Villager (Male) |
| 17:07 | Queue | Villager (Male) |
| 17:18 | Build | House |
| 17:20 | Queue | Villager (Male) |
| 17:20 | Queue | Villager (Male) |
| 17:20 | Queue | Villager (Male) |
| 17:34 | Build | Farm |
| 17:38 | Queue | Villager (Male) |
| 17:38 | Queue | Villager (Male) |
| 17:47 | Build | Mining Camp |
| 17:52 | Build | Mining Camp |
| 17:54 | Queue | Villager (Male) |
| 17:54 | Queue | Villager (Male) |
| 17:55 | Queue | Villager (Male) |
| 18:01 | Queue | Villager (Male) |
| 18:01 | Queue | Villager (Male) |
| 18:18 | Queue | Villager (Male) |
| 18:18 | Queue | Villager (Male) |
| 18:21 | Queue | Villager (Male) |
| 18:21 | Queue | Villager (Male) |
| 18:25 | Build | Farm |
| 18:29 | Build | Farm |
| 18:30 | Build | Farm |
| 18:33 | Build | Farm |
| 18:33 | Build | Farm |
| 18:33 | Build | Farm |
| 18:33 | Build | Farm |
| 18:39 | Queue | Villager (Male) |
| 18:39 | Queue | Villager (Male) |
| 18:51 | Queue | Villager (Male) |
| 18:51 | Queue | Villager (Male) |
| 18:55 | Queue | Villager (Male) |
| 18:55 | Queue | Villager (Male) |
| 18:58 | Build | Farm |
| 19:19 | Queue | Villager (Male) |
Build order — survivorsteven
First 150 of 256 actions detected
| 0:01 | Queue | Villager (Male) ×4 |
| 1:30 | Queue | Villager (Male) |
| 1:30 | Queue | Villager (Male) |
| 1:52 | Queue | Villager (Male) |
| 1:52 | Queue | Villager (Male) |
| 2:21 | Build | Lumber Camp |
| 2:28 | Queue | Villager (Male) |
| 2:28 | Queue | Villager (Male) |
| 3:00 | Queue | Villager (Male) |
| 3:01 | Queue | Villager (Male) |
| 3:24 | Queue | Villager (Male) |
| 3:24 | Queue | Villager (Male) |
| 3:25 | Queue | Villager (Male) |
| 3:51 | Queue | Villager (Male) |
| 3:51 | Queue | Villager (Male) |
| 4:27 | Queue | Villager (Male) |
| 4:28 | Queue | Villager (Male) |
| 4:28 | Queue | Villager (Male) |
| 4:55 | Queue | Villager (Male) |
| 4:56 | Queue | Villager (Male) |
| 5:09 | Queue | Villager (Male) |
| 5:09 | Queue | Villager (Male) |
| 5:35 | Build | Mill |
| 6:07 | Queue | Villager (Male) |
| 6:25 | Queue | Villager (Male) |
| 7:43 | Queue | Villager (Male) |
| 7:43 | Queue | Villager (Male) |
| 7:49 | Build | Farm |
| 8:06 | Build | Mill |
| 8:10 | Build | Mill |
| 8:37 | Research | Feudal Age |
| 8:37 | Research | Feudal Age |
| 8:57 | Build | Mill |
| 9:04 | Build | Mill |
| 9:07 | Build | Mill |
| 10:43 | Build | Mill |
| 10:47 | Age | Feudal Age |
| 10:49 | Build | Mill |
| 10:59 | Build | Mill |
| 11:19 | Queue | Villager (Male) |
| 11:24 | Build | Market |
| 11:26 | Build | Blacksmith |
| 11:49 | Queue | Villager (Male) |
| 11:51 | Research | Double-Bit Axe |
| 12:12 | Research | Horse Collar |
| 12:16 | Research | Castle Age |
| 12:16 | Research | Castle Age |
| 13:13 | Build | Farm |
| 14:00 | Build | Farm |
| 14:01 | Build | Farm |
| 14:02 | Build | Farm |
| 14:03 | Build | Farm |
| 14:36 | Queue | Villager (Male) |
| 14:36 | Queue | Villager (Male) |
| 14:56 | Age | Castle Age |
| 15:01 | Build | Town Center |
| 15:04 | Build | Town Center |
| 15:49 | Queue | Villager (Male) |
| 15:50 | Queue | Villager (Male) |
| 16:00 | Research | Bow Saw |
| 16:04 | Build | Farm |
| 16:13 | Queue | Villager (Male) |
| 16:14 | Queue | Villager (Male) |
| 16:18 | Queue | Villager (Male) |
| 16:24 | Build | Mining Camp |
| 16:29 | Queue | Villager (Male) |
| 16:29 | Queue | Villager (Male) |
| 16:32 | Queue | Villager (Male) |
| 16:35 | Queue | Villager (Male) |
| 16:40 | Build | Farm |
| 16:42 | Build | Farm |
| 16:49 | Build | Farm |
| 16:50 | Build | Farm |
| 16:54 | Build | Farm |
| 16:55 | Queue | Villager (Male) |
| 16:55 | Queue | Villager (Male) |
| 17:03 | Build | Farm |
| 17:04 | Build | Farm |
| 17:05 | Build | Farm |
| 17:13 | Queue | Villager (Male) |
| 17:15 | Build | Farm |
| 17:25 | Build | Farm |
| 17:25 | Build | Farm |
| 17:26 | Build | Farm |
| 17:29 | Queue | Villager (Male) |
| 17:29 | Queue | Villager (Male) |
| 17:31 | Build | Farm |
| 17:31 | Build | Farm |
| 17:55 | Queue | Villager (Male) |
| 17:59 | Build | Farm |
| 18:11 | Build | Farm |
| 18:12 | Queue | Villager (Male) |
| 18:12 | Queue | Villager (Male) |
| 18:16 | Build | Farm |
| 18:30 | Queue | Villager (Male) |
| 18:32 | Build | Farm |
| 18:40 | Build | Lumber Camp |
| 18:52 | Queue | Villager (Male) |
| 18:53 | Queue | Villager (Male) |
| 18:56 | Build | Farm |
| 18:56 | Build | Farm |
| 18:58 | Queue | Villager (Male) |
| 18:58 | Queue | Villager (Male) |
| 18:58 | Queue | Villager (Male) |
| 18:59 | Queue | Villager (Male) |
| 19:13 | Queue | Villager (Male) |
| 19:13 | Queue | Villager (Male) |
| 19:15 | Build | Farm |
| 19:19 | Build | Farm |
| 19:20 | Queue | Villager (Male) |
| 19:35 | Build | Farm |
| 19:39 | Research | Wheelbarrow |
| 19:40 | Queue | Villager (Male) |
| 19:40 | Queue | Villager (Male) |
| 19:56 | Build | Farm |
| 19:58 | Queue | Villager (Male) |
| 20:00 | Queue | Villager (Male) |
| 20:32 | Queue | Villager (Male) |
| 20:32 | Queue | Villager (Male) |
| 20:43 | Queue | Villager (Male) |
| 20:44 | Queue | Villager (Male) |
| 20:57 | Queue | Villager (Male) |
| 20:58 | Queue | Villager (Male) |
| 21:00 | Research | Gold Mining |
| 21:21 | Research | Hand Cart |
| 21:27 | Build | Farm |
| 21:35 | Research | Heavy Plow |
| 21:36 | Queue | Villager (Male) |
| 21:36 | Queue | Villager (Male) |
| 21:52 | Queue | Villager (Male) |
| 21:53 | Queue | Villager (Male) |
| 21:58 | Queue | Villager (Male) |
| 21:59 | Queue | Villager (Male) |
| 22:03 | Build | Farm |
| 22:03 | Build | Farm |
| 22:04 | Build | Farm |
| 22:06 | Build | Farm |
| 22:07 | Build | Farm |
| 22:15 | Build | Farm |
| 22:16 | Build | Farm |
| 22:17 | Build | Farm |
| 22:18 | Build | Farm |
| 22:21 | Build | Farm |
| 22:25 | Queue | Villager (Male) |
| 22:25 | Queue | Villager (Male) |
| 22:27 | Build | Farm |
| 22:28 | Build | Farm |
| 22:30 | Build | Farm |
| 22:31 | Build | Farm |
| 22:41 | Queue | Villager (Male) |
Build order — .Bast
First 150 of 294 actions detected
| 0:01 | Queue | Villager (Male) |
| 0:01 | Queue | Villager (Male) |
| 0:01 | Queue | Villager (Male) |
| 0:02 | Build | House |
| 0:04 | Build | House |
| 0:05 | Queue | Villager (Male) |
| 1:27 | Queue | Villager (Male) |
| 1:27 | Queue | Villager (Male) |
| 1:55 | Queue | Villager (Male) |
| 1:57 | Build | Lumber Camp |
| 2:09 | Queue | Villager (Male) |
| 2:09 | Queue | Villager (Male) |
| 2:28 | Queue | Villager (Male) |
| 2:29 | Queue | Villager (Male) |
| 2:53 | Queue | Villager (Male) |
| 3:34 | Queue | Villager (Male) |
| 3:34 | Queue | Villager (Male) |
| 3:50 | Build | House |
| 4:27 | Queue | Villager (Male) |
| 4:34 | Build | Mill |
| 4:47 | Queue | Villager (Male) |
| 5:01 | Queue | Villager (Male) |
| 5:55 | Queue | Villager (Male) |
| 6:17 | Research | Feudal Age |
| 6:56 | Build | House |
| 8:02 | Queue | Villager (Male) |
| 8:27 | Age | Feudal Age |
| 8:31 | Build | Town Center |
| 8:34 | Research | Double-Bit Axe |
| 8:39 | Research | Horse Collar |
| 8:44 | Queue | Villager (Male) |
| 9:07 | Queue | Villager (Male) |
| 9:36 | Build | Farm |
| 9:40 | Queue | Villager (Male) |
| 10:03 | Build | Farm |
| 10:13 | Queue | Villager (Male) |
| 10:14 | Queue | Villager (Male) |
| 10:17 | Queue | Villager (Male) |
| 10:17 | Queue | Villager (Male) |
| 10:33 | Build | Farm |
| 10:50 | Queue | Villager (Male) |
| 10:52 | Build | Farm |
| 10:58 | Queue | Villager (Male) |
| 11:00 | Build | Farm |
| 11:11 | Queue | Villager (Male) |
| 11:24 | Build | Farm |
| 11:32 | Queue | Villager (Male) |
| 11:32 | Queue | Villager (Male) |
| 11:35 | Build | House |
| 11:46 | Build | House |
| 11:49 | Queue | Villager (Male) |
| 11:53 | Build | Farm |
| 12:07 | Build | Farm |
| 12:09 | Queue | Villager (Male) |
| 12:09 | Queue | Villager (Male) |
| 12:27 | Build | Farm |
| 12:35 | Build | House |
| 12:36 | Queue | Villager (Male) |
| 12:36 | Queue | Villager (Male) |
| 12:52 | Build | Farm |
| 12:54 | Queue | Villager (Male) |
| 13:05 | Build | House |
| 13:11 | Build | Farm |
| 13:14 | Queue | Villager (Male) |
| 13:19 | Build | Farm |
| 13:31 | Queue | Villager (Male) |
| 13:31 | Queue | Villager (Male) |
| 13:36 | Build | House |
| 13:47 | Build | Farm |
| 13:48 | Queue | Villager (Male) |
| 13:48 | Queue | Villager (Male) |
| 14:03 | Build | Farm |
| 14:10 | Queue | Villager (Male) |
| 14:17 | Build | House |
| 14:23 | Build | Farm |
| 14:28 | Queue | Villager (Male) |
| 14:32 | Build | Farm |
| 14:37 | Queue | Villager (Male) |
| 14:37 | Queue | Villager (Male) |
| 14:37 | Queue | Villager (Male) |
| 14:58 | Build | Mining Camp |
| 15:19 | Build | House |
| 15:20 | Queue | Villager (Male) |
| 15:25 | Build | Farm |
| 15:27 | Build | Farm |
| 15:32 | Queue | Villager (Male) |
| 15:32 | Queue | Villager (Male) |
| 15:45 | Queue | Villager (Male) |
| 15:56 | Build | Blacksmith |
| 16:24 | Queue | Villager (Male) |
| 16:24 | Queue | Villager (Male) |
| 16:25 | Queue | Villager (Male) |
| 16:34 | Build | Market |
| 16:39 | Queue | Villager (Male) |
| 16:49 | Research | Wheelbarrow |
| 16:55 | Queue | Villager (Male) |
| 17:18 | Build | Lumber Camp |
| 17:28 | Research | Castle Age |
| 17:35 | Build | Barracks |
| 17:37 | Research | Gold Mining |
| 17:48 | Queue | Villager (Male) |
| 17:49 | Queue | Villager (Male) |
| 18:03 | Build | Farm |
| 18:06 | Build | Farm |
| 18:12 | Research | Scale Barding Armor |
| 18:34 | Build | Stable |
| 18:36 | Queue | Villager (Male) |
| 18:43 | Queue | Villager (Male) |
| 18:43 | Queue | Villager (Male) |
| 18:51 | Build | Farm |
| 18:52 | Build | Farm |
| 18:53 | Build | Farm |
| 18:55 | Build | Farm |
| 19:00 | Build | Farm |
| 19:03 | Queue | Villager (Male) |
| 19:03 | Queue | Villager (Male) |
| 19:25 | Build | Farm |
| 19:27 | Build | Farm |
| 19:28 | Build | Farm |
| 19:33 | Research | Bloodlines |
| 19:36 | Queue | Villager (Male) |
| 19:52 | Build | Stable |
| 19:55 | Build | Stable |
| 19:56 | Queue | Villager (Male) |
| 20:03 | Build | Siege Workshop |
| 20:07 | Queue | Villager (Male) |
| 20:16 | Queue | Villager (Male) |
| 20:19 | Age | Castle Age |
| 20:26 | Queue | Knight |
| 20:26 | Queue | Knight |
| 20:27 | Queue | Villager (Male) |
| 20:31 | Research | Bow Saw |
| 20:38 | Queue | Villager (Male) |
| 20:42 | Build | Town Center |
| 20:52 | Research | Capped Ram (upgrade) |
| 21:07 | Queue | Knight |
| 21:12 | Build | House |
| 21:18 | Research | Loom |
| 21:20 | Research | Town Watch |
| 21:22 | Queue | Villager (Male) |
| 21:28 | Queue | Steppe Lancer |
| 21:32 | Build | Stable |
| 21:35 | Research | Chain Barding Armor |
| 21:41 | Build | Farm |
| 21:44 | Build | Farm |
| 21:46 | Queue | Villager (Male) |
| 21:48 | Queue | Villager (Male) |
| 21:48 | Queue | Villager (Male) |
| 21:56 | Queue | Knight |
| 21:56 | Queue | Knight |
Match timeline
| 8:08 | ibirixii boupou · age_up feudal |
| 8:23 | El Wicho · age_up feudal |
| 8:27 | .Bast · age_up feudal |
| 10:47 | survivorsteven · age_up feudal |
| 10:56 | Dadagama · age_up feudal |
| 10:56 | ahnimah · age_up feudal |
| 11:22 | hermelin*? · age_up feudal |
| 13:08 | Bohemio_Antisemita · age_up feudal |
| 14:26 | ahnimah · age_up castle |
| 14:56 | survivorsteven · age_up castle |
| 15:29 | ibirixii boupou · first_building Barracks |
| 15:38 | hermelin*? · first_market_sell 100 stone |
| 16:28 | ibirixii boupou · first_building Stable |
| 16:56 | Dadagama · age_up castle |
| 17:01 | Bohemio_Antisemita · age_up castle |
| 17:04 | ibirixii boupou · age_up castle |
| 17:35 | .Bast · first_building Barracks |
| 18:34 | .Bast · first_building Stable |
| 18:37 | hermelin*? · age_up castle |
| 19:02 | El Wicho · age_up castle |
| 19:04 | El Wicho · first_building Castle |
| 19:12 | Bohemio_Antisemita · first_building Monastery |
| 19:15 | El Wicho · wall_segment Palisade Wall x1 |
| 19:41 | Bohemio_Antisemita · first_building Castle |
| 19:50 | hermelin*? · first_building Castle |
| 20:03 | .Bast · first_building Siege Workshop |
| 20:19 | .Bast · age_up castle |
| 20:24 | El Wicho · first_market_buy 100 food |
| 20:33 | hermelin*? · wall_segment Stone Wall x1 |
| 20:40 | hermelin*? · wall_segment Stone Wall x1 |
| 20:41 | hermelin*? · wall_segment Stone Wall x1 |
| 20:52 | hermelin*? · wall_segment Stone Wall x9 |
| 20:59 | hermelin*? · first_market_buy 100 stone |
| 21:01 | hermelin*? · wall_segment Stone Wall x9 |
| 21:17 | hermelin*? · first_building Siege Workshop |
| 21:39 | Dadagama · first_building Castle |
| 22:21 | ibirixii boupou · first_market_buy 100 food |
| 23:48 | ahnimah · first_building Monastery |
| 23:49 | .Bast · wall_segment Palisade Wall x1 |
| 24:09 | survivorsteven · first_building Monastery |
| 24:10 | survivorsteven · first_building Barracks |
| 24:20 | El Wicho · first_building Barracks |
| 24:22 | Dadagama · first_building Barracks |
| 24:31 | .Bast · first_market_sell 100 wood |
| 24:55 | Bohemio_Antisemita · first_building Barracks |
| 25:09 | ahnimah · first_market_sell 100 food |
| 25:39 | Dadagama · first_building Stable |
| 25:45 | hermelin*? · wall_segment Stone Wall x1 |
| 25:56 | survivorsteven · first_building Stable |
| 26:11 | El Wicho · first_market_sell 100 wood |
| 26:35 | .Bast · first_building Monastery |
| 26:39 | ibirixii boupou · first_building Monastery |
| 26:54 | survivorsteven · first_market_sell 100 food |
| 27:00 | ahnimah · first_building Castle |
| 27:27 | Dadagama · age_up imperial |
| 27:56 | ahnimah · first_building Barracks |
| 27:57 | El Wicho · first_building Archery Range |
| 28:05 | survivorsteven · first_building Castle |
| 28:15 | ibirixii boupou · first_building Castle |
| 28:41 | hermelin*? · wall_segment Stone Wall x3 |
| 28:56 | ahnimah · age_up imperial |
| 29:16 | hermelin*? · wall_segment Stone Wall x6 |
| 29:19 | hermelin*? · wall_segment Stone Wall x6 |
| 29:47 | .Bast · first_building Castle |
| 29:53 | El Wicho · age_up imperial |
| 30:00 | hermelin*? · wall_segment Stone Wall x1 |
| 30:15 | Bohemio_Antisemita · first_building Archery Range |
| 30:56 | survivorsteven · age_up imperial |
| 31:14 | hermelin*? · first_building Monastery |
| 31:33 | hermelin*? · wall_segment Stone Wall x4 |
| 31:36 | hermelin*? · wall_segment Stone Wall x5 |
| 32:41 | ahnimah · tribute_sent a jugador 1 |
| 32:41 | ahnimah · tribute_sent a jugador 2 |
| 32:41 | ahnimah · tribute_sent a jugador 3 |
| 32:41 | ahnimah · tribute_sent a jugador 4 |
| 32:41 | ahnimah · tribute_sent a jugador 6 |
| 32:41 | ahnimah · tribute_sent a jugador 7 |
| 32:41 | ahnimah · tribute_sent a jugador 8 |
| 33:21 | Dadagama · first_building Siege Workshop |
| 33:40 | .Bast · resign |
| 33:56 | Dadagama · tribute_sent a jugador 1 |
| 33:56 | Dadagama · tribute_sent a jugador 2 |
| 33:56 | Dadagama · tribute_sent a jugador 3 |
| 33:56 | Dadagama · tribute_sent a jugador 5 |
| 33:56 | Dadagama · tribute_sent a jugador 6 |
| 33:56 | Dadagama · tribute_sent a jugador 7 |
| 33:56 | Dadagama · tribute_sent a jugador 8 |
[ AI ANALYSIS · 1 CREDIT ]
What really happened in this match?
Wolo.gg analyzes every decision: build order, eco, micro, common mistakes by bracket. Personalized analysis on WhatsApp or Discord in 30 seconds.
Civ guide
Bohemians
Perfil
Bohemio_Antisemilla